 Dungeon Crawl Stone Soup version 0.23.2-1-ga50397a (webtiles) character file.

Game seed: 10706748283538514442

34381 Fang the Fighter (level 13, -3/130 HPs)
             Began as a Gargoyle Berserker on May 6, 2019.
             Was a High Priest of Trog.
             Splashed by an oklob plant's acid (12 damage)
             ... on level 5 of the Lair of Beasts.
             The game lasted 00:17:46 (15519 turns).

Fang the Fighter (Gargoyle Berserker)              Turns: 15519, Time: 00:17:47

Health: -3/130     AC: 13    Str: 31    XL:     13   Next: 77%
Magic:  13/13      EV: 12    Int:  8    God:    Trog [*****.]
Gold:   705        SH:  0    Dex:  9    Spells: 12/12 levels left

rFire    + . .     SeeInvis +   G - +4 battleaxe (flame)
rCold    . . .     Gourm    .   (shield currently unavailable)
rNeg     + . .     Faith    .   b - +0 plate armour
rPois    ∞         Spirit   .   e - +2 hat {SInv}
rElec    +         Reflect  .   f - +1 cloak
rCorr    .         Harm     .   (no gloves)
MR       ++...                  (no boots)
Stlth    ..........             p - amulet of rage
HPRegen  1.31/turn              v - ring of protection from fire
MPRegen  0.13/turn              (no ring)

@: berserking (expiring), corroded, regenerating, very quick
A: negative energy resistance 1, electricity resistance, unbreathing,
petrification resistance, rot immunity, AC +9
a: Berserk, Trog's Hand, Brothers in Arms, Renounce Religion, Evoke Berserk Rage


You were on level 5 of the Lair of Beasts.
You worshipped Trog.
Trog was extremely pleased with you.
You were very hungry.

You visited 3 branches of the dungeon, and saw 17 of its levels.

You collected 705 gold pieces.

Inventory:

Hand Weapons
 a - a +1 war axe of chopping
 d - a +2 war axe of electrocution
 z - a +8 antimagic executioner's axe
 A - the +12 battleaxe of the Endless March {drain, Str+6}
   (Trog gifted it to you on level 3 of the Lair of Beasts)

   A truly terrible weapon, it drains the life of those it strikes.
   It affects your strength (+6).
 G - a +4 battleaxe of flaming (weapon)
Armour
 b - a +0 plate armour (worn)
 e - a +2 hat of see invisible (worn)
 f - a +1 cloak (worn)
Jewellery
 p - an amulet of rage (around neck)
 v - a ring of protection from fire (left hand)
 B - an uncursed amulet of guardian spirit
 F - an uncursed ring of resist corrosion {unknown}
Wands
 h - a wand of digging (6)
 t - a wand of polymorph (26)
 x - a wand of random effects (11)
 y - a wand of scattershot (12)
 E - a wand of acid (9)
Scrolls
 g - 10 scrolls of teleportation
 j - a scroll of fog
 m - 2 scrolls of fear
 q - 6 scrolls of remove curse
 w - a scroll of blinking
 D - a scroll of identify
Potions
 i - 2 potions of invisibility
 k - 2 potions of mutation
 l - 11 potions of curing
 n - 2 potions of cancellation
 o - 2 potions of might
 r - 3 potions of berserk rage
 s - 4 potions of heal wounds
 u - 2 potions of agility
Comestibles
 c - 25 rations
 C - 5 chunks of flesh


   Skills:
 + Level 12.9 Fighting
 + Level 11.0 Axes
 + Level 12.7 Armour
 + Level 10.0 Dodging


You had 12 spell levels left.
You didn't know any spells.
Your spell library was empty.

Dungeon Overview and Level Annotations

Branches:
Dungeon (11/15)            Temple (1/1) D:4            Lair (5/6) D:8
  Swamp (0/4) Lair:3        Snake (0/4) Lair:4        Slime (0/5) Lair:5
    Orc (0/2) D:11

Altars:
Fedhas
Gozag
Makhleb
Uskayaw
Wu Jian
Zin
Beogh

Shops:
D:9 (

Annotations:
D:5 1 runed translucent door
Lair:1 exclusion: 3 oklob plants
Lair:5 exclusion: 3 oklob plants


Innate Abilities, Weirdness & Mutations

You are resistant to torment.
Your stone body is resilient. (AC +9)
You are immune to poison.
You resist negative energy. (rN+)
You are resistant to electric shocks. (rElec)
You can survive without breathing.
You are immune to petrification.
You are immune to rotting.


Message History

A red film seems to cover your vision as you go berserk!
You feel yourself moving faster!
You feel mighty!
You are feeling very hungry.
You feel a strong urge to attack something.
The oklob plant spits acid at you.
The splash of acid hits you but does no damage.
The acid corrodes you!
You are splashed with acid!
* * * LOW HITPOINT WARNING * * *
Found 16 gold pieces.
You hit the oklob plant. You burn the oklob plant.
The oklob plant is lightly damaged.
You hit the oklob plant. You burn the oklob plant.
The oklob plant is moderately damaged.
You hit the oklob plant. You burn the oklob plant.
The oklob plant is moderately damaged.
The oklob plant spits acid at you. The splash of acid hits you!
* * * LOW HITPOINT WARNING * * *
The acid corrodes you!
You are splashed with acid!
You die...

. ........P.#.###.P .# #
..............#.##.# #
$....................###
........................
........................
........................
.......................#
....P>P@.......#......##
.....P........###......#
.........#P...##......+.
..............##.......P
.........#....P.#.......
........###...+.......#.
.........#.##.###.....##
.........#.##.##P......#
................#.


You could see 3 oklob plants.

Vanquished Creatures
  Gastronok (D:9)
  The ghost of Norrock the Impaler, a journeyman MfSk of Yredelemnul (Lair:3)
  2 hydras
  A catoblepas (Lair:4)
  A queen ant (Lair:3)
  Erica (D:8)
  2 unseen horrors
  6 elephants
  Joseph (Lair:1)
  A gargoyle (D:10)
  5 black mambas
  6 spiny frogs
  3 komodo dragons
  A kobold demonologist (D:11)
  A troll (D:9)
  Grinder (D:5)
  The ghost of Triskal the Chopper, an amateur DsGl (D:5)
  4 tyrant leeches
  17 blink frogs
  4 dream sheep (Lair:3)
  4 hippogriffs
  27 yaks
  2 wyverns
  A spriggan (D:7)
  2 basilisks
  Grum (D:8)
  A wraith (D:10)
  3 vampire mosquitoes (Lair:5)
  2 nagas (Lair:4)
  3 swamp worms (Lair:3)
  2 insubstantial wisps (Lair:5)
  5 soldier ants (Lair:3)
  10 water moccasins
  Purgy (D:3)
  9 porcupines
  6 orc warriors
  3 sky beasts
  2 black bears
  8 wolves
  4 centaurs
  10 crocodiles
  5 ogres
  4 big kobolds
  9 bullfrogs
  A gnoll sergeant (D:10)
  A wyvern zombie (D:10)
  3 scorpions
  4 killer bees
  3 wights (D:10)
  3 crimson imps
  A quasit (D:7)
  4 bullfrog zombies
  3 bullfrog skeletons
  3 hounds
  5 jellies
  7 orc wizards
  A centaur zombie (D:5)
  9 orc priests
  3 centaur skeletons
  2 iguanas
  36 worker ants
  A hound zombie (D:5)
  A hound skeleton (D:6)
  2 worker ant zombies
  9 gnolls
  15 adders
  2 oozes (D:3)
  2 adder zombies (D:5)
  An adder skeleton (D:7)
  2 dart slugs (D:2)
  6 leopard geckos
  40 orcs
  2 ball pythons
  7 giant cockroaches
  8 goblins
  9 hobgoblins
  15 jackals
  4 quokkas
  9 bats
  7 frilled lizards
  A jackal skeleton (D:4)
  A jackal zombie (D:5)
  15 kobolds
  A leopard gecko skeleton (D:6)
  A quokka skeleton (D:10)
  A quokka zombie (D:3)
  10 rats
  2 fungi (D:8)
  4 plants
451 creatures vanquished.

Vanquished Creatures (others)
  4 fungi
  3 plants
7 creatures vanquished.

Grand Total: 458 creatures vanquished

Notes
Turn   | Place    | Note
-------+----------+-------------------------------------------
     0 | D:1      | Fang the Gargoyle Berserker began the quest for the Orb.
     0 | D:1      | Reached XP level 1. HP: 14/14 MP: 1/1
    45 | D:1      | Reached XP level 2. HP: 10/19 MP: 2/2
   647 | D:1      | Reached XP level 3. HP: 23/23 MP: 3/3
   733 | D:1      | Reached ** piety under Trog
  1301 | D:2      | Reached XP level 4. HP: 13/29 MP: 4/4
  2598 | D:3      | Noticed Purgy
  2611 | D:3      | Reached XP level 5. HP: 33/33 MP: 5/5
  2612 | D:3      | Killed Purgy
  2722 | D:3      | Reached *** piety under Trog
  2725 | D:3      | Reached XP level 6. HP: 35/39 MP: 6/6
  2741 | D:3      | Found a blossoming altar of Fedhas.
  3119 | D:4      | Found a staircase to the Ecumenical Temple.
  3177 | Temple   | Entered the Ecumenical Temple
  3381 | D:4      | Found a burning altar of Makhleb.
  3491 | D:4      | Reached skill level 5 in Fighting
  3491 | D:4      | Reached XP level 7. HP: 31/44 MP: 7/7
  3725 | D:4      | Found a glowing silver altar of Zin.
  4006 | D:5      | Entered Level 5 of the Dungeon
  4463 | D:5      | Found a runed translucent door.
  4473 | D:5      | Noticed Triskal's ghost (amateur DsGl)
  4493 | D:5      | Reached skill level 5 in Armour
  4503 | D:5      | Killed Triskal's ghost
  4503 | D:5      | Reached XP level 8. HP: 51/51 MP: 8/8
  4547 | D:5      | Found a runed translucent door.
  4679 | D:5      | Noticed Grinder
  4691 | D:5      | Killed Grinder
  4691 | D:5      | Reached skill level 5 in Axes
  4960 | D:5      | Reached **** piety under Trog
  5375 | D:6      | Found an opulent altar of Gozag.
  5421 | D:6      | You fall through a shaft for 3 floors!
  5429 | D:9      | Noticed a yak
  5429 | D:9      | Noticed a yak
  5430 | D:9      | Noticed a yak
  5431 | D:9      | Noticed a yak
  5436 | D:9      | Killed a yak
  5438 | D:9      | Killed a yak
  5443 | D:9      | Killed a yak
  5443 | D:9      | Reached XP level 9. HP: 57/57 MP: 9/9
  5447 | D:9      | Reached skill level 5 in Dodging
  5531 | D:9      | Noticed Gastronok
  5555 | D:9      | Killed Gastronok
  5555 | D:9      | Reached XP level 10. HP: 32/64 MP: 10/10
  5776 | D:9      | Found Cyumomib's Antique Weapon Shop.
  6517 | D:8      | Noticed Erica
  6534 | D:8      | Killed Erica
  6878 | D:8      | Found an ornate altar of the Wu Jian Council.
  6931 | D:8      | Noticed a +0 dagger
  6932 | D:8      | Found a hide-covered altar of Uskayaw.
  6932 | D:8      | Noticed a +0 hand axe
  7348 | D:8      | Reached XP level 11. HP: 62/71 MP: 11/11
  7374 | D:8      | Noticed Grum
  7402 | D:8      | Killed Grum
  7662 | D:8      | Found a staircase to the Lair.
  7946 | D:7      | Reached ***** piety under Trog
  8337 | D:7      | Reached skill level 10 in Fighting
  8450 | D:10     | Entered Level 10 of the Dungeon
  9076 | D:10     | Reached skill level 10 in Armour
  9077 | D:10     | Received a gift from Trog
  9418 | D:10     | Noticed an unseen horror
  9429 | D:10     | Killed an unseen horror
  9608 | D:11     | Noticed an unseen horror
  9616 | D:11     | Killed an unseen horror
  9626 | D:11     | Found a roughly hewn altar of Beogh.
  9639 | D:11     | Found a staircase to the Orcish Mines.
 10088 | D:11     | Reached XP level 12. HP: 56/79 MP: 4/12
 10280 | Lair:1   | Entered Level 1 of the Lair of Beasts
 10326 | Lair:1   | Noticed Joseph
 10329 | Lair:1   | Received a gift from Trog
 10342 | Lair:1   | Killed Joseph
 12512 | Lair:3   | Reached skill level 10 in Axes
 13300 | Lair:3   | Noticed a four-headed hydra
 13308 | Lair:3   | Killed a seven-headed hydra
 13397 | Lair:3   | Found a staircase to the Swamp.
 13404 | Lair:3   | Reached XP level 13. HP: 86/86 MP: 4/13
 13527 | Lair:3   | Received a gift from Trog
 13750 | Lair:3   | Found a runed translucent gate.
 13750 | Lair:3   | Found a runed translucent gate.
 13751 | Lair:3   | Found a runed translucent gate.
 13751 | Lair:3   | Noticed Norrock's ghost (journeyman MfSk)
 13873 | Lair:3   | Killed Norrock's ghost
 14449 | Lair:3   | Got a crude battleaxe {god gift}
 14450 | Lair:3   | Identified the +12 battleaxe of the Endless March {drain,
                  | Str+6} (Trog gifted it to you on level 3 of the Lair of
                  | Beasts)
 14743 | Lair:4   | Found a staircase to the Snake Pit.
 15267 | Lair:5   | Reached skill level 10 in Dodging
 15487 | Lair:5   | Identified a scroll of acquirement
 15506 | Lair:5   | Found a staircase to the Slime Pits.
 15519 | Lair:5   | Splashed by an oklob plant's acid

Skill      XL: |  1  2  3  4  5  6  7  8  9 10 11 12 13 |
---------------+----------------------------------------+-----
Axes           | 3 4 5 6 8 9 10 11 | 11.0
Dodging        | 2 3 4 6 7 8 9 10 | 10.0
Armour         | 3 4 5 6 7 9 10 11 12 | 12.7
Fighting       | 4 5 7 8 9 10 12 | 12.9

Action                   |  1- 3 |  4- 6 |  7- 9 | 10-12 | 13-15 || total
-------------------------+-------+-------+-------+-------+-------++-------
Melee: Hand axe          |   111 |   144 |       |       |       ||   255
       War axe           |       |    70 |   232 |   397 |       ||   699
       Executioner's axe |       |       |       |   252 |    95 ||   347
       Unarmed           |       |       |       |    13 |       ||    13
       Battleaxe         |       |       |       |       |    75 ||    75
Invok: Berserk           |     2 |     2 |     3 |    10 |     4 ||    21
       Trog's Hand       |       |       |       |       |     2 ||     2
       Brothers in Arms  |       |       |       |       |     1 ||     1
  Use: Scroll            |       |     8 |     2 |    17 |     2 ||    29
       Potion            |       |       |       |     2 |       ||     2
 Stab: Sleeping          |     1 |       |       |       |       ||     1
       Petrified         |       |       |       |       |     6 ||     6
  Eat: Chunk             |     2 |    10 |     9 |    32 |    12 ||    65
       Ration            |       |       |       |     1 |       ||     1
Armor: Animal skin       |    50 |       |       |       |       ||    50
       Chain mail        |       |   182 |   101 |       |       ||   283
       Plate armour      |       |       |    50 |   730 |   213 ||   993
       Skin              |       |       |       |     1 |       ||     1
Dodge: Dodged            |    75 |   143 |    92 |   584 |   165 ||  1059
